 Dungeon Crawl Stone Soup version 0.25-a0-447-gff83419037 (webtiles) character file.

Game seed: 15299478764708213349, levelgen mode: deterministic

3985 asgasgas the Grappler (level 10, -1/94 HPs)
             Began as a Troll Berserker on Jan 31, 2020.
             Was a High Priest of Trog.
             Slain by a wolf (5 damage)
             ... on level 8 of the Dungeon.
             The game lasted 00:22:01 (6330 turns).

asgasgas the Grappler (Troll Berserker)             Turns: 6330, Time: 00:22:01

Health: -1/94      AC:  6    Str: 30    XL:     10   Next: 3%
Magic:  9/9        EV: 19    Int:  3    God:    Trog [*****.]
Gold:   348        SH:  0    Dex: 17    Spells: 9/9 levels left

rFire    . . .     SeeInvis .     - Unarmed
rCold    . . .     Gourm    +   (no shield)
rNeg     . . .     Faith    .   a - +0 animal skin
rPois    .         Spirit   .   (helmet restricted)
rElec    .         Reflect  .   (no cloak)
rCorr    .         Harm     .   (gloves unavailable)
MR       .....                  (boots unavailable)
Stlth    +++.......             (no amulet)
HPRegen  0.65/turn              d - +3 ring of strength
MPRegen  0.11/turn              (no ring)

@: agile, lethally poisoned (-1 -> -1), berserk cooldown, slowed, very slow
A: large, unfitting armour, claws 3, fast metabolism 3, gourmand, regeneration
1, shaggy fur 1, tough skin 3
a: Berserk, Trog's Hand, Brothers in Arms, Renounce Religion


You were on level 8 of the Dungeon.
You worshipped Trog.
Trog was extremely pleased with you.
You were very full.

You visited 1 branch of the dungeon, and saw 8 of its levels.

You collected 348 gold pieces.

Inventory:

Hand Weapons
 f - the +3 rapier of Circularity {vorpal, rC+, unknown}
   (Trog gifted it to you on level 7 of the Dungeon)

   It inflicts extra damage upon your enemies.
   It protects you from cold.
Armour
 a - a +0 animal skin (worn)
Jewellery
 d - a +3 ring of strength (left claw)
 n - an uncursed amulet of faith
 o - an uncursed amulet of regeneration {unknown}
 p - an uncursed ring of fire {unknown}
 q - an uncursed ring of fire {unknown}
 w - a cursed ring of teleportation {unknown}
Wands
 e - a wand of acid (5)
 i - a wand of polymorph (11)
 k - a wand of clouds (1)
Scrolls
 c - a scroll of random uselessness
 g - a scroll of amnesia {unknown}
 h - 3 scrolls of remove curse
 j - a scroll of noise
 l - a scroll of fear
 s - a scroll of enchant weapon {unknown}
 v - a scroll of identify
Potions
 r - a potion of degeneration {unknown}
 t - a potion of magic {unknown}
 x - a potion of haste {unknown}
Comestibles
 b - 16 rations
 u - 8 chunks of flesh


   Skills:
 + Level 4.6 Fighting
 + Level 7.3 Dodging
 + Level 1.9 Stealth
 + Level 10.8 Unarmed Combat


You had 9 spell levels left.
You didn't know any spells.
Your spell library contained the following spells:

 Spells                   Type           Power        Failure   Level  Hunger
 Confusing Touch          Hex            #.......     88%         3    ####...
 Gell's Gravitas          Tloc           #.........   88%         3    ####...
 Petrify                  Tmut/Erth      #.......     99%         4    #####..
 Metabolic Englaciation   Hex/Ice        #.........   100%        5    ######.
 Yara's Violent Unravell  Hex/Tmut       #.........   100%        5    ######.


Dungeon Overview and Level Annotations

Branches:
Dungeon (8/15)             Temple (0/1) D:7            Lair (0/6) D:8

Altars:
Cheibriados
Dithmenos
Elyvilon
Hepliaklqana
Kikubaaqudgha
Ru
Sif Muna
Yredelemnul
The Shining One

Shops:
D:6 !


Innate Abilities, Weirdness & Mutations

You are too large for most types of armour.
You have claws for hands.
Your metabolism is lightning-fast.
You like to eat raw meat.
Your natural rate of healing is unusually fast.
You are covered in fur. (AC +1)
You have extremely tough skin. (AC +3)


Message History

You kill the hound!
Trog accepts your kill.
You feel sick. The wolf bites you.
* * * LOW HITPOINT WARNING * * *
The wolf bites you!
* * * LOW HITPOINT WARNING * * *
The wolf misses you.
You are too berserk!
The wolf pauses to sniff the ground.
You feel a strong urge to attack something.
You feel sick. The wolf barely misses you.
The wolf bites you but does no damage.
You feel your anger nearly subside.
You are no longer berserk.
You are exhausted.
You feel yourself slow down.
You feel sick.
You feel agile all of a sudden.
You feel sick. The wolf bites you!
* * * LOW HITPOINT WARNING * * *
The wolf bites you but does no damage. The wolf bites you.
You die...

#......####..........#
#......#.............#
#......#.............#####
#..... +.............'....
..... #.............#####
#. .:...##<..)#'####...#
#.####..##....#.# #...#
≈≈≈≈..........#.# #...#
≈≈≈≈.≈...hh@..#.# #...#
≈≈≈≈..≈≈..hh..#.# #...#
≈≈≈.≈≈≈≈......#.# #...#
≈≈≈≈;≈.†h.#####.# #####
.≈.≈≈lh.Z........
..≈≈≈≈.....####.
>..≈≈T≈........
..≈≈≈.≈≈≈......
≈..≈≈≈..........


You could see a troll, a wyvern, 4 wolves, 2 hounds, an electric eel and an
adder skeleton.

Vanquished Creatures
  Pikel (D:5)
  A hippogriff (D:8)
  Edmund (D:4)
  A water moccasin (D:8)
  4 orc warriors (D:7)
  3 ice beasts
  A black bear (D:8)
  A phantom (D:8)
  A necrophage (D:7)
  An ogre (D:5)
  A wolf (D:8)
  A centaur (D:5)
  A big kobold (D:7)
  3 bullfrogs
  A gnoll sergeant (D:4)
  5 scorpions
  A water moccasin skeleton (D:5)
  2 howler monkeys (D:8)
  A centaur zombie (D:5)
  3 crimson imps
  8 hounds
  A gnoll shaman (D:7)
  3 orc priests
  8 orc wizards
  2 iguanas
  7 worker ants
  2 worker ant zombies (D:5)
  9 gnolls
  10 adders
  3 shadow imps
  2 oozes
  2 worms (D:4)
  A dart slug (D:2)
  5 leopard geckos
  25 orcs
  2 ball pythons
  6 giant cockroaches
  6 goblins
  6 hobgoblins
  6 jackals
  9 kobolds
  A quokka (D:8)
  7 bats
  4 frilled lizards
  A giant cockroach zombie (D:5)
  2 leopard gecko skeletons (D:5)
  A leopard gecko zombie (D:6)
  A quokka skeleton (D:4)
  7 rats
  A plant (D:3)
182 creatures vanquished.

Vanquished Creatures (others)
  An orc warrior (D:4)
  An orc (D:5)
2 creatures vanquished.

Grand Total: 184 creatures vanquished

Notes
Turn   | Place    | Note
-------+----------+-------------------------------------------
     0 | D:1      | asgasgas the Troll Berserker began the quest for the Orb.
     0 | D:1      | Reached XP level 1. HP: 22/22 MP: 0/0
   189 | D:1      | Reached XP level 2. HP: 29/29 MP: 1/1
   558 | D:2      | Reached XP level 3. HP: 22/36 MP: 2/2
   691 | D:2      | Reached ** piety under Trog
   737 | D:2      | Found a faded altar of an unknown god.
  1207 | D:2      | Noticed an ice beast
  1217 | D:2      | Killed an ice beast
  1217 | D:2      | Reached skill level 4 in Unarmed Combat
  1217 | D:2      | Reached XP level 4. HP: 34/44 MP: 3/3
  1217 | D:2      | Reached XP level 5. HP: 40/52 MP: 4/4
  1483 | D:2      | Found an ancient bone altar of Kikubaaqudgha.
  1584 | D:2      | Found a hazy altar of Hepliaklqana.
  1587 | D:2      | Found a white marble altar of Elyvilon.
  3296 | D:4      | Noticed Edmund
  3307 | D:4      | Killed Edmund
  3307 | D:4      | Reached XP level 6. HP: 53/61 MP: 5/5
  3423 | D:4      | Reached skill level 5 in Dodging
  3474 | D:4      | Reached XP level 7. HP: 64/67 MP: 6/6
  3618 | D:4      | Reached skill level 5 in Unarmed Combat
  4102 | D:5      | Entered Level 5 of the Dungeon
  4112 | D:5      | Reached *** piety under Trog
  4112 | D:5      | Reached skill level 1 in Stealth
  4112 | D:5      | Reached skill level 6 in Unarmed Combat
  4186 | D:5      | Noticed Pikel
  4196 | D:5      | Reached XP level 8. HP: 47/76 MP: 7/7
  4202 | D:5      | Killed Pikel
  4202 | D:5      | Reached skill level 7 in Unarmed Combat
  4310 | D:5      | Found a snail-covered altar of Cheibriados.
  4422 | D:5      | Found a shadowy altar of Dithmenos.
  4461 | D:5      | Reached skill level 8 in Unarmed Combat
  4693 | D:6      | Found a shimmering blue altar of Sif Muna.
  4801 | D:6      | Reached **** piety under Trog
  4825 | D:6      | Found a basalt altar of Yredelemnul.
  4829 | D:6      | Reached XP level 9. HP: 84/84 MP: 8/8
  4944 | D:6      | Found a sacrificial altar of Ru.
  5089 | D:6      | Found Xoce's Distillery.
  5235 | D:7      | Reached skill level 9 in Unarmed Combat
  5369 | D:7      | Reached ***** piety under Trog
  5369 | D:7      | Received a gift from Trog
  5374 | D:7      | Got a translucent rapier {god gift}
  5850 | D:7      | Found a glowing golden altar of the Shining One.
  5856 | D:7      | Reached skill level 10 in Unarmed Combat
  5896 | D:7      | Found a staircase to the Ecumenical Temple.
  6318 | D:8      | Found a staircase to the Lair.
  6320 | D:8      | Noticed a troll
  6321 | D:8      | Reached XP level 10. HP: 59/94 MP: 9/9
  6330 | D:8      | HP: 4/94 [wolf (8)]
  6330 | D:8      | Slain by a wolf

Levels and vault maps discovered:
D:1:      minmay_arrival_up_and_down, layout_basic
D:2:      layout_loops_corners, minitemple, first_ration,
          chequers_ecumenical_altar_simple_redux, st_stairs_9
D:3:      layout_basic, serial_bayou_lake_a
D:4:      layout_basic, uniq_edmund
D:5:      layout_basic, old_standard_altar, grunt_dithmenos_shadows, uniq_pikel
D:6:      layout_loops_ring, nicolae_ru_great_annihilating_truth, serial_shops,
          shop, hangedman_feature_mirror, grunt_decor_one_mirror
D:7:      layout_loops_cross, kennysheep_little_box, temple_hall
D:8:      layout_basic, grunt_temple_overflow_lords_of_destruction,
          erik_lair_island

Skill      XL: |  1  2  3  4  5  6  7  8  9 |
---------------+----------------------------+-----
Dodging        | 3 4 5 6 7 |  7.3
Unarmed Combat | 4 6 8 10 | 10.8
Fighting       | 3 4 |  4.6
Stealth        | 1 |  1.9

Action                   |  1- 3 |  4- 6 |  7- 9 | 10-12 || total
-------------------------+-------+-------+-------+-------++-------
Melee: Unarmed           |    81 |    96 |   330 |     4 ||   511
       Punch             |     1 |     1 |    10 |     1 ||    13
Invok: Berserk           |       |       |     4 |       ||     4
  Use: Scroll            |       |     5 |     5 |       ||    10
       Potion            |       |       |       |     1 ||     1
 Stab: Sleeping          |     1 |     2 |     1 |       ||     4
       Paralysed         |       |       |     1 |       ||     1
  Eat: Chunk             |    17 |    15 |    31 |       ||    63
       Ration            |       |     1 |       |       ||     1
Armor: Animal skin       |    92 |   220 |    95 |     3 ||   410
Dodge: Dodged            |   124 |   520 |   247 |     7 ||   898

Table legend:
 A = Non-vault XP
 B = Vault XP
 C = Vault XP percentage of total XP
 D = Non-vault monster count
 E = Vault monster count
 F = Vault count percentage of total count
                 A         B        C        D         E       F
            +---------+---------+-------+---------+---------+-------
      Total |    4550 |    1144 |  20.1 |     168 |      14 |   7.7
            +---------+---------+-------+---------+---------+-------
        D:1 |      22 |       0 |   0.0 |      13 |       0 |   0.0
        D:2 |     192 |      17 |   8.1 |      21 |       3 |  12.5
        D:3 |      18 |       0 |   0.0 |       7 |       0 |   0.0
        D:4 |     647 |     157 |  19.5 |      30 |       1 |   3.2
        D:5 |     961 |     662 |  40.8 |      38 |       2 |   5.0
        D:6 |     505 |     148 |  22.7 |      10 |       6 |  37.5
        D:7 |    1352 |       0 |   0.0 |      39 |       0 |   0.0
        D:8 |     853 |     160 |  15.8 |      10 |       2 |  16.7
            +---------+---------+-------+---------+---------+-------
